AoeStats
← Vegeta

African Clearing

513181971Analyzed
4v4 RM · 5d ago on Oct 12, 2026· 36m 42s· 8 players
Game mode
Random Map
Map size
Large (8 player)
Population
200
Speed
Normal
Resources
Standard
Victory
Conquest
Starting age
Dark Age
Ending age
Imperial Age
RankedLock teamsTeams togetherTeam positionsShared explorationLock speedFull tech treeHidden civsTurbo modeCheats
Victory
Defeat
🇰🇷 Magyars · South Korea
1764
+11
🇨🇳 Berbers · China
1735
+13
🇧🇷 Mongols · Brazil
1724
+13
🇨🇳 Mapuche · China
1640
+16
vs
🇸🇬 Sicilians · Singapore
1705
-15
🇦🇷 Khmer · Argentina
1671
-14
🇹🇼 Huns · Taiwan
1657
-13
🇹🇼 Mongols · Taiwan
1602
-11
Vegeta
4:22 Loom
11:40 Feudal Age
12:32 Double-Bit Axe
12:52 Horse Collar
18:43 Forging
22:46 Castle Age
21:35 Scale Barding Armor
22:02 Bloodlines
27:11 Husbandry
28:17 Chain Barding Armor
32:32 Iron Casting
36:07 Wheelbarrow
咖啡冷靜啲
11:38 Loom
13:48 Feudal Age
17:57 Castle Age
23:36 Double-Bit Axe
Emily001
12:23 Feudal Age
10:39 Loom
18:10 Castle Age
20:30 Horse Collar
24:16 Scale Barding Armor
25:16 Bloodlines
28:03 Town Watch
30:58 Wheelbarrow
32:29 Fletching
36:00 Double-Bit Axe
LAT_Amaterasu
11:31 Feudal Age
10:49 Loom
13:29 Double-Bit Axe
22:00 Horse Collar
26:39 Castle Age
25:08 Scale Barding Armor
25:53 Bloodlines
26:52 Light Cavalry
28:00 Chain Barding Armor
28:08 Husbandry
33:47 Wheelbarrow
33:03 Gold Mining
34:17 Ballistics
Classic Noob
12:03 Loom
14:42 Feudal Age
15:28 Double-Bit Axe
17:04 Town Watch
20:34 Castle Age
19:37 Fishing Lines
21:51 Bow Saw
21:51 Stone Mining
25:08 Gillnets
25:35 Scale Barding Armor
27:13 Horse Collar
27:40 Husbandry
27:50 Bloodlines
29:29 Herbal Medicine
30:15 Wheelbarrow
29:59 Gold Mining
31:49 Gold Shaft Mining
32:08 Chain Barding Armor
34:44 Hand Cart
35:02 Corvinian Army
35:54 Fletching
jiraiona
7:46 Loom
12:37 Feudal Age
13:02 Feudal Age
12:01 Loom
16:54 Castle Age
15:19 Double-Bit Axe
16:15 Gold Mining
19:32 Fletching
21:19 Bow Saw
22:08 Bodkin Arrow
23:02 Ballistics
25:42 Horse Collar
29:26 Bloodlines
29:17 Husbandry
29:39 Stone Mining
30:35 Padded Archer Armor
32:07 Wheelbarrow
32:46 Heavy Plow
38:28 Imperial Age
36:54 Hand Cart
勇者七叶
6:22 Loom
13:42 Feudal Age
17:49 Castle Age
16:15 Double-Bit Axe
17:03 Fletching
17:02 Horse Collar
18:52 Bow Saw
19:53 Bodkin Arrow
23:43 Padded Archer Armor
26:14 Horse Collar
30:41 Town Watch
31:34 Wheelbarrow
32:28 Ballistics
34:05 Gold Mining
37:16 Malon
FalconElPardal
10:15 Feudal Age
10:55 Loom
11:19 Double-Bit Axe
12:41 Horse Collar
20:53 Castle Age
19:43 Stone Mining
19:44 Gold Mining
23:31 Wheelbarrow
24:48 Town Watch
28:48 Bow Saw
35:29 Imperial Age
34:12 Gold Shaft Mining
34:34 Fletching
34:45 Padded Archer Armor
35:01 Bloodlines
34:52 Husbandry
35:12 Bodkin Arrow
36:21 Leather Archer Armor
37:13 Chemistry
Connection lost

Rejoining the realm…

Still unreachable

The connection could not be restored.

Session expired

The server has moved on; the page needs a fresh start.